 Dungeon Crawl Stone Soup version 0.28-a0-1616-g050a50673c (webtiles) character file.

Game seed: 9596464350975623217

43350 Armakuni the Exorcist (level 14, -7/110 HPs)
             Began as a Human Wanderer on Jan 21, 2022.
             Was an Elder of the Shining One.
             Killed from afar by a frost giant (33 damage)
             ... with a bolt of cold
             ... on level 13 of the Dungeon on Jan 22, 2022.
             The game lasted 00:56:14 (17237 turns).

Armakuni the Exorcist (Human Wanderer)             Turns: 17237, Time: 00:56:14

Health: -7/110     AC: 14    Str: 19    XL:     14   Next: 60%
Magic:  35/35      EV: 14    Int: 23    God:    the Shining One [****..]
Gold:   774        SH: 12    Dex: 13    Spells: 3/13 levels left

rFire   + . .      SeeInvis +   a - +10 hunting sling "Beetlebane" {venom, rElec rF+ Str+6 SInv}
rCold   . . .      Faith    .   (no shield)
rNeg    + + .      Spirit   .   s - +1 swamp dragon scales
rPois   +          Reflect  .   K - +3 hat of Pondering {ponderous, Will+ MP+10 Int+5}
rElec   +          Harm     .   (no cloak)
rCorr   .          Rampage  .   h - +0 pair of gloves
Will    +++..                   G - +0 pair of boots
Stlth   +.........              R - amulet of regeneration
HPRegen 1.08/turn               E - ring of Circularity {rElec Will+ Int+6 Dex-5}
MPRegen 0.24/turn               W - ring of wizardry

@: divinely shielded, glowing, slow
A: no striking features
a: Renounce Religion, Divine Shield, Cleansing Flame


You were on level 13 of the Dungeon.
You worshipped the Shining One.
The Shining One was greatly pleased with you.
You visited 2 branches of the dungeon, and saw 14 of its levels.
You visited 1 bazaar.

You collected 1515 gold pieces.
You spent 741 gold pieces at shops.

Inventory:

Hand Weapons
 a - the +10 hunting sling "Beetlebane" (weapon) {venom, rElec rF+ Str+6 SInv}
   (You found it on level 10 of the Dungeon)

   Any ammunition fired from it poisons the flesh of those it strikes.
   Str:       It affects your strength (+6).
   rF:        It protects you from fire.
   rElec:     It insulates you from electricity.
   SInv:      It lets you see invisible.
 b - a +3 mace of electrocution
Missiles
 n - 2 curare-tipped darts
 u - 6 boomerangs
 w - 8 javelins
 N - 38 sling bullets (quivered ammo)
 Q - 29 bolts
Armour
 h - a +0 pair of gloves (worn)
 s - +1 swamp dragon scales (worn)
 A - an orb of wrath
 G - a +0 pair of boots (worn)
 K - the +3 hat of Pondering (worn) {ponderous, Will+ MP+10 Int+5}
   (You took it off Gastronok on level 9 of the Dungeon)

   Int:       It affects your intelligence (+5).
   MP:        It affects your magic capacity (+10).
   Will:      It increases your willpower.
 P - a +1 kite shield of reflection
Jewellery
 E - the ring of Circularity (left hand) {rElec Will+ Int+6 Dex-5}
   (You bought it in a shop in a bazaar)

   [ring of willpower]

   Int:       It affects your intelligence (+6).
   Dex:       It affects your dexterity (-5).
   rElec:     It insulates you from electricity.
   Will:      It increases your willpower.
 I - a ring of see invisible
 R - an amulet of regeneration (around neck)
 T - a ring of positive energy
 W - a ring of wizardry (right hand)
Wands
 c - a wand of charming (19)
 k - a wand of digging (9)
 m - a wand of polymorph (2)
 v - a wand of flame (61)
Scrolls
 q - 8 scrolls of identify
 y - a scroll of fog
 z - 2 scrolls of silence
 B - 5 scrolls of teleportation
 H - 2 scrolls of noise
 J - a scroll of amnesia
 L - a scroll of magic mapping
 O - 2 scrolls of fear
Potions
 d - a potion of resistance {unknown}
 e - 6 potions of lignification
 f - 3 potions of brilliance
 g - 3 potions of mutation
 i - 5 potions of curing
 j - 2 potions of heal wounds
 o - 2 potions of ambrosia
 r - a potion of flight
 x - 2 potions of magic {unknown}
 C - a potion of berserk rage {unknown}
 D - a potion of attraction {unknown}
 F - a potion of might {unknown}
 M - 2 potions of haste {unknown}
 S - a potion of cancellation {unknown}
Miscellaneous
 l - a lightning rod (2/4)
 p - a box of beasts (inert)
 t - a tin of tremorstones (1/2)


   Skills:
 - Level 10.0 Fighting
 - Level 14.0 Maces & Flails
 - Level 7.0 Slings
 - Level 2.0 Crossbows
 + Level 4.2 Armour
 + Level 8.6 Dodging
 - Level 15.0 Invocations
 - Level 1.0 Evocations


You had 3 spell levels left.
You knew the following spells:

 Your Spells              Type           Power      Damage    Failure   Level
a - Apportation           Tloc           0%         N/A       11%         1
f - Fireball              Conj/Fire      0%         3d3       94%         5
s - Sticky Flame          Conj/Fire      0%         2d3       67%         4

Your spell library contained the following spells:

 Spells                   Type           Power      Damage    Failure   Level
 Sandblast                Erth           0%         2d4       11%         1
 Ensorcelled Hibernation  Hex/Ice        0%         N/A       16%         2
 Passwall                 Tmut/Erth      0%         N/A       16%         2
 Conjure Flame            Conj/Fire      0%         6-21      30%         3
 Ignite Poison            Fire/Tmut/Pois 0%         N/A       30%         3
 Inner Flame              Hex/Fire       0%         N/A       30%         3
 Mephitic Cloud           Conj/Pois/Air  0%         N/A       30%         3
 Portal Projectile        Hex/Tloc       0%         N/A       30%         3
 Spider Form              Tmut/Pois      0%         N/A       30%         3
 Stone Arrow              Conj/Erth      0%         3d7       30%         3
 Animate Armour           Summ/Erth      0%         N/A       67%         4
 Fulminant Prism          Conj/Hex       0%         3d6       67%         4
 Iskenderun's Mystic Bla  Conj/Tloc      0%         2d3       67%         4
 Alistair's Intoxication  Tmut/Pois      0%         N/A       94%         5
 Freezing Cloud           Conj/Ice/Air   0%         6-21      94%         5
 Iskenderun's Battlesphe  Conj           0%         2d6       94%         5
 Lee's Rapid Deconstruct  Erth           0%         3d5*      94%         5
 Conjure Ball Lightning   Conj/Air       0%         3x3d6     100%        6
 Orb of Destruction       Conj           0%         9d5       100%        7
 Discord                  Hex            0%         N/A       100%        8
 Lehudib's Crystal Spear  Conj/Erth      0%         10d2      100%        8


Dungeon Overview and Level Annotations

Branches:
Dungeon (13/15)            Temple (1/1) D:7            Lair (0/6) D:9
    Orc (0/2) D:11         Vaults (0/5) D:13

Altars:
Ashenzari
Cheibriados
Dithmenos
Elyvilon
Fedhas
Gozag
Hepliaklqana
Kikubaaqudgha
Makhleb
Nemelex Xobeh
Okawaru
Qazlal
Ru
Sif Muna
Trog
Uskayaw
Vehumet
Wu Jian
Xom
Yredelemnul
Zin
The Shining One

Shops:
D:1 *([?   D:3 ?   D:4 (

Annotations:
D:7 exclusion: oklob plant
D:12 3 runed translucent doors


Message History

Press: ? - help, Q - select action, (/) - cycle Shift-Dir - straight line, f/p - frost giant
Aim: a frost giant, wielding a +1 battleaxe of freezing (lightly wounded, very poisoned, haloed, 97% to hit)
You shoot a sling bullet. The sling bullet hits the frost giant!
The frost giant looks as sick as possible!
The frost giant is lightly wounded.
Aiming: Thunderbolt
Press: ? - help, Shift-Dir - straight line, f/p - frost giant
Aim: a frost giant, wielding a +1 battleaxe of freezing (lightly wounded, extremely poisoned, haloed)
The thunderbolt hits the frost giant!
The frost giant is moderately wounded.
You shoot a sling bullet. The sling bullet hits the frost giant.
The frost giant looks as sick as possible!
The frost giant is moderately wounded.
The frost giant points at you and mumbles some strange words.
The bolt of cold hits you!!
You shoot a sling bullet. The sling bullet hits the frost giant!
The frost giant looks as sick as possible!
The frost giant is heavily wounded.
You shoot a sling bullet. The sling bullet hits the frost giant!
The frost giant is severely wounded.
The frost giant hits you with a +1 battleaxe of freezing!!
The frost giant freezes you!
Fire: 40 sling bullets
Press: ? - help, Q - select action, (/) - cycle Shift-Dir - straight line, f/p - frost giant
Aim: a frost giant, wielding a +1 battleaxe of freezing (heavily wounded, extremely poisoned, haloed, 97% to hit)
You shoot a sling bullet. The sling bullet hits the frost giant!
The frost giant looks as sick as possible!
The frost giant is severely wounded.
The frost giant casts a spell at you. The bolt of cold hits you!!
* * * LOW HITPOINT WARNING * * *
Fire: 39 sling bullets
Press: ? - help, Q - select action, (/) - cycle Shift-Dir - straight line, f/p - frost giant
Aim: a frost giant, wielding a +1 battleaxe of freezing (severely wounded, extremely poisoned, haloed, 97% to hit)
You shoot a sling bullet. The sling bullet hits the frost giant!
The frost giant looks as sick as possible!
The frost giant is severely wounded.
The frost giant gestures at you while chanting.
The bolt of cold hits you!!
You die...

########.########.##.##..##.##.#.
)....##.##......##.)##....##.#.#.
#[..##.##.######.####......#.#.#.
<..##.##.##†..)##.###......#)#.#.
...#.##.##.####.##.##.....##.#.#.
...#.#.##.##..##.##.#(#..##.##.#.
...#.#.#.##.)..##.#.#)####.##.##.
...#)#.#.#.})(..#.#.#.....##)##..
...#.#.#.#.....C@##.#(#####.##...
####.#)#.##....###.##.#....######
#.#.##.##..##).##.##.####
#.##.##.####)###.##.##
##.##.##....##..##.##
##.##†######.###.##
##.##......##..## ##.########.###
##....(...##


You could see a frost giant (extremely poisoned).

Vanquished Creatures
  Gastronok (D:9)
  An ettin (D:13)
  4 hydras
  An ogre mage (D:13)
  A boulder beetle (D:13)
  3 vault guards (D:13)
  2 two-headed ogres
  6 centaur warriors (D:13)
  A death knight (D:13)
  4 tengu warriors
  A deep elf archer (D:13)
  A wizard (D:13)
  An orc knight (D:13)
  2 deep elf pyromancers
  5 ugly things
  7 cyclopes
  3 unseen horrors
  Maggie (D:7)
  6 gargoyles
  A yaktaur (D:13)
  Psyche (D:8)
  6 kobold demonologists
  A rime drake (shapeshifter) (D:13)
  2 efreet (D:13)
  A tengu conjurer (D:13)
  2 komodo dragons
  A freezing wraith (D:11)
  The ghost of wineyard the Skirmisher, an amateur DsWn of Cheibriados (D:5)
  A meliai (D:13)
  8 trolls
  Prince Ribbit (D:9)
  A hornet (D:13)
  15 slime creatures
  3 shadows
  2 wyverns
  A basilisk (D:13)
  A vampire (D:9)
  11 yaks
  A steam dragon (D:10)
  3 acid dragons
  4 vampire mosquitoes (D:13)
  3 water moccasins
  A water moccasin (shapeshifter) (D:13)
  8 orc warriors
  A sky beast (D:4)
  4 ogres
  A black bear (D:8)
  3 necrophages
  3 centaurs
  A phantom (D:5)
  4 kobold brigands
  3 bullfrogs
  A gnoll sergeant (D:12)
  A wyvern zombie (D:9)
  2 scorpions
  A water moccasin skeleton (D:4)
  14 wights
  A howler monkey (D:5)
  A bullfrog zombie (D:7)
  5 hounds
  5 orc priests
  5 centaur zombies
  A jelly (D:8)
  A centaur skeleton (D:6)
  A bullfrog skeleton (D:5)
  5 gnoll shamans
  3 iguanas
  Ijyb (D:4)
  9 orc wizards
  A hound skeleton (D:4)
  3 howler monkey zombies
  22 gnolls
  5 adders
  2 river rats (D:3)
  A white imp (D:8)
  An ufetubus (D:7)
  An adder skeleton (D:4)
  2 dart slugs
  36 orcs
  10 ball pythons
  5 endoplasms
  5 giant cockroaches
  10 goblins
  11 hobgoblins
  5 jackals
  17 kobolds
  3 quokkas
  13 bats
  A frilled lizard (D:1)
  5 rats
  A rat zombie (D:8)
368 creatures vanquished.

Vanquished Creatures (collateral kills)
  A vault guard (D:13)
1 creature vanquished.

Vanquished Creatures (others)
  5 fungi (D:9)
  10 plants (D:9)
15 creatures vanquished.

Grand Total: 384 creatures vanquished

Notes
Turn   | Place    | Note
-------+----------+-------------------------------------------
     0 | D:1      | Armakuni the Human Wanderer began the quest for the Orb.
     0 | D:1      | Armakuni set off with the following items: a +3 mace, a +0
                  | hand crossbow, 26 bolts, a +0 robe
     0 | D:1      | Reached XP level 1. HP: 19/19 MP: 1/1
    37 | D:1      | Found a faded altar of an unknown god.
    47 | D:1      | Found Wugaram's Magic Scroll Boutique.
   296 | D:1      | Reached XP level 2. HP: 23/25 MP: 2/2
   322 | D:1      | Found Dasask's Antique Armour Boutique.
   524 | D:1      | Found Vahoqiaph's Weapon Boutique.
   745 | D:1      | Reached XP level 3. HP: 26/31 MP: 3/3
  1272 | D:1      | Found Iwiedin's Assorted Antiques.
  2063 | D:3      | Reached XP level 4. HP: 31/38 MP: 4/4
  2399 | D:3      | Found a glowing golden altar of the Shining One.
  2508 | D:3      | Became a worshipper of the Shining One
  2555 | D:3      | Learned a level 1 spell: Apportation
  2637 | D:3      | Reached skill level 5 in Fighting
  2726 | D:3      | Reached XP level 5. HP: 36/44 MP: 5/5
  3097 | D:3      | Found Liss's Magic Scroll Boutique.
  3108 | D:3      | Bought a scroll of teleportation for 39 gold pieces
  3108 | D:3      | Bought a scroll of magic mapping for 45 gold pieces
  3426 | D:4      | Reached XP level 6. HP: 26/51 MP: 6/6
  3633 | D:4      | Noticed an ogre
  3699 | D:4      | Found Iqinan's Weapon Shop.
  4096 | D:4      | Noticed an ogre
  4101 | D:4      | Killed an ogre
  4102 | D:4      | Reached skill level 5 in Maces & Flails
  4102 | D:4      | Reached XP level 7. HP: 59/59 MP: 7/7
  4463 | D:4      | Reached * piety under the Shining One
  4485 | D:4      | Reached XP level 8. HP: 51/67 MP: 8/8
  4639 | D:4      | Noticed Ijyb
  4657 | D:4      | Killed Ijyb
  4887 | D:5      | Entered Level 5 of the Dungeon
  4973 | D:5      | Found an opulent altar of Gozag.
  5075 | D:5      | Noticed wineyard's ghost (amateur DsWn)
  5078 | D:5      | Found a runed translucent door.
  5150 | D:5      | Identified a scroll of acquirement
  5150 | D:5      | Acquired 787 gold pieces
  5334 | D:5      | Found an iron altar of Okawaru.
  5525 | D:5      | Found a shadowy altar of Dithmenos.
  5652 | D:5      | Killed wineyard's ghost
  5653 | D:5      | Reached XP level 9. HP: 71/75 MP: 9/9
  6203 | D:6      | Reached ** piety under the Shining One
  7252 | D:7      | Reached *** piety under the Shining One
  7255 | D:7      | Reached skill level 10 in Fighting
  7429 | D:7      | Reached XP level 10. HP: 30/85 MP: 10/10
  7756 | D:7      | Reached skill level 10 in Maces & Flails
  8033 | D:7      | Found a staircase to the Ecumenical Temple.
  8047 | D:7      | Noticed Maggie
  8058 | D:7      | Killed Maggie
  8091 | Temple   | Entered the Ecumenical Temple
  8493 | D:7      | Found a blossoming altar of Fedhas.
  8517 | D:7      | Noticed an oklob plant
  8632 | D:8      | Noticed Joseph
  8640 | D:8      | Noticed Joseph
  8640 | D:8      | Joseph changed into Joseph the black bear
  8653 | D:8      | Killed Joseph the black bear
  8854 | D:8      | Noticed Psyche
  8873 | D:8      | Killed Psyche
  9130 | D:8      | Found an ancient bone altar of Kikubaaqudgha.
 10307 | D:9      | Noticed a five-headed hydra
 10317 | D:9      | Killed a five-headed hydra
 10504 | D:9      | Reached XP level 11. HP: 59/90 MP: 11/11
 10657 | D:9      | Found the +1 robe of Vines {NoPotionHeal Regen++++}
 10788 | D:9      | Found a flagged portal.
 10909 | D:9      | Found a staircase to the Lair.
 10953 | D:9      | Noticed Gastronok
 10953 | D:9      | Reached **** piety under the Shining One
 11083 | D:9      | Killed Gastronok
 11264 | D:9      | Reached skill level 1 in Invocations
 11282 | D:9      | Noticed a soul eater
 11287 | D:9      | Reached skill level 2 in Invocations
 11409 | D:9      | Noticed Prince Ribbit
 11415 | D:9      | Killed Prince Ribbit
 11507 | D:9      | Reached skill level 3 in Invocations
 11574 | D:10     | Entered Level 10 of the Dungeon
 11626 | D:10     | Reached skill level 5 in Dodging
 11668 | D:10     | Reached skill level 4 in Invocations
 12071 | D:10     | Upgraded the game from 0.28-a0-1613-gdaab1c2f9b to
                  | 0.28-a0-1616-g050a50673c
 12077 | D:10     | Identified the +10 hunting sling "Beetlebane" {venom, rElec
                  | rF+ Str+6 SInv}
 12087 | D:10     | Learned a level 4 spell: Sticky Flame
 12093 | D:10     | Learned a level 5 spell: Fireball
 12862 | D:11     | Reached skill level 1 in Slings
 12862 | D:11     | Reached XP level 12. HP: 57/97 MP: 15/15
 12936 | D:11     | Found a flickering gateway to a bazaar.
 12939 | D:11     | Found a staircase to the Orcish Mines.
 12944 | Bazaar   | Entered a bazaar
 12944 | Bazaar   | Found Obaqieru's General Store.
 12944 | Bazaar   | Found Ysaopp's General Store.
 12965 | Bazaar   | Found Xoatsuuwk's General Store.
 12965 | Bazaar   | Found Ybaexah's General Store.
 12987 | Bazaar   | Found Azoeff's General Store.
 12987 | Bazaar   | Found Istryunta's General Store.
 13009 | Bazaar   | Found Heefochi's General Store.
 13009 | Bazaar   | Found Sutzaizi's General Store.
 13039 | Bazaar   | Bought the ring of Circularity {rElec Will+ Int+6 Dex-5}
                  | for 369 gold pieces
 13118 | Bazaar   | Bought a wand of digging (7) for 198 gold pieces
 13136 | Bazaar   | Bought a potion of degeneration for 9 gold pieces
 13157 | Bazaar   | Bought a scroll of teleportation for 27 gold pieces
 13175 | Bazaar   | Bought a scroll of teleportation for 27 gold pieces
 13193 | Bazaar   | Bought a scroll of teleportation for 27 gold pieces
 13487 | D:11     | Reached skill level 5 in Invocations
 13825 | D:11     | Reached ***** piety under the Shining One
 13894 | D:11     | Reached skill level 6 in Invocations
 13928 | D:11     | Noticed a tengu warrior
 13961 | D:11     | Killed a tengu warrior
 14015 | D:11     | Got the Volume of Curses and Poison
 14192 | D:12     | Reached skill level 7 in Invocations
 14439 | D:12     | Noticed a five-headed hydra
 14446 | D:12     | Killed a five-headed hydra
 14510 | D:12     | Reached skill level 5 in Slings
 14528 | D:12     | Reached skill level 8 in Invocations
 14562 | D:12     | Noticed a two-headed ogre
 14568 | D:12     | Killed a two-headed ogre
 14752 | D:12     | Reached XP level 13. HP: 92/103 MP: 19/19
 14988 | D:12     | Found a runed translucent gate.
 15042 | D:12     | Found a runed translucent gate.
 15042 | D:12     | Found a runed translucent gate.
 15081 | D:12     | Reached skill level 9 in Invocations
 15288 | D:13     | Noticed a centaur warrior
 15295 | D:13     | Killed a centaur warrior
 15432 | D:13     | Reached skill level 10 in Invocations
 15573 | D:13     | Noticed a vault guard
 15584 | D:13     | Noticed a vault guard
 15598 | D:13     | Killed a vault guard
 15599 | D:13     | Reached skill level 11 in Invocations
 15622 | D:13     | Killed a vault guard
 15632 | D:13     | Noticed a vault guard
 15634 | D:13     | Noticed an ogre mage
 15642 | D:13     | Killed a vault guard
 15646 | D:13     | Killed an ogre mage
 15647 | D:13     | Reached skill level 12 in Invocations
 15713 | D:13     | Found a gate to the Vaults.
 15713 | D:13     | Noticed a vault guard
 15724 | D:13     | Killed a vault guard
 15954 | D:13     | Noticed a centaur warrior
 15962 | D:13     | Killed a centaur warrior
 15963 | D:13     | Reached skill level 13 in Invocations
 16296 | D:13     | Reached XP level 14. HP: 65/110 MP: 24/24
 16601 | D:13     | Reached skill level 14 in Invocations
 16698 | D:13     | HP: 2/110 [eight-headed hydra (7)]
 16862 | D:13     | Reached skill level 15 in Invocations
 16892 | D:13     | Reached skill level 1 in Armour
 17228 | D:13     | Noticed a frost giant
 17237 | D:13     | Killed from afar by a frost giant

Illustrated notes

Levels and vault maps discovered:
D:1:      eino_arrival_tree_alley, layout_basic, serial_shops,
          nicolae_shop_hallway_stairs, shop, nicolae_lakefront_shop,
          nicolae_shop_stone, basic_ecumenical_altar, st_stairs_7
D:2:      layout_rooms, corner_web_ring
D:3:      layout_rooms, tso_altar, serial_shops, shop_statue,
          gup_sewer_entry_spiral
D:4:      kennysheep_the_goblin_king, layout_cave_pools, serial_glass,
          glass_columns_b, glass_columns_a, serial_shops,
          nicolae_shop_hallway_stairs, kennysheep_generic_room_15
D:5:      layout_rooms, grunt_dithmenos_shadows, okawaru_altar_gauntlet_db,
          grunt_gozag_statues, hellmonk_ghost_happy_afterlife
D:6:      layout_cave_pods
D:7:      layout_cave_pools, tgw_fedhas, minmay_temple_entry_wispy, uniq_maggie
D:8:      layout_cave_pods, lemuel_zombie_altar_kikubaaqudgha, uniq_psyche,
          uniq_joseph
D:9:      layout_loops_ring, dpeg_oklobed_lair, enter_bailey_6,
          hellmonk_guarded_unrand_vines, uniq_prince_ribbit1, uniq_gastronok
D:10:     layout_layer_cave, roderic_batcave
D:11:     layout_roguey, david_orc_2, serial_shops, bzr_in_the_mist,
          serial_rivers, chequers_serial_rivers_small_a,
          chequers_serial_rivers_room_b, chequers_serial_rivers_small_a,
          chequers_serial_rivers_marsh, chequers_serial_rivers_micro_c,
          chequers_serial_rivers_micro_b, minmay_diamond_spiral
D:12:     layout_loops_corners, ploomutoo_gammafunk_ghost_potion_laboratory
D:13:     kennysheep_snake, layout_stronghold, grunt_vaults_entry_fortified
Temple:   eino_temple_scatter_basement

Skill      XL: |  1  2  3  4  5  6  7  8  9 10 11 12 13 14 |
---------------+-------------------------------------------+-----
Maces & Flails | 3 4 5 6 7 9 12 14 | 14.0
Fighting       | 5 6 7 8 10 | 10.0
Dodging        | 5 7 8 |  8.6
Invocations    | 4 8 13 15 | 15.0
Slings         | 1 6 7 |  7.0
Armour         | 4 |  4.2
Crossbows      | |  2.0
Evocations     | |  1.0

Action                   |  1- 3 |  4- 6 |  7- 9 | 10-12 | 13-15 || total
-------------------------+-------+-------+-------+-------+-------++-------
Melee: Mace              |    93 |   116 |   239 |   418 |     7 ||   873
       Punch             |       |     1 |     5 |     5 |       ||    11
 Fire: Hunting sling     |       |       |       |   196 |   395 ||   591
Throw: Throwing net      |       |       |       |     1 |       ||     1
       Dart              |       |       |       |       |     1 ||     1
Invok: Divine Shield     |       |       |       |     1 |     8 ||     9
       Cleansing Flame   |       |       |       |       |    11 ||    11
Evoke: Wand              |       |       |    17 |    26 |     2 ||    45
       Lightning rod     |       |       |       |     5 |     5 ||    10
       Tin of tremorston |       |       |       |     2 |     1 ||     3
       Box of beasts     |       |       |       |     1 |     2 ||     3
  Use: Scroll            |     5 |     5 |     6 |     6 |       ||    22
       Potion            |       |       |     2 |       |     1 ||     3
 Stab: Sleeping          |     2 |       |       |       |       ||     2
Armor: Robe              |    16 |    17 |    19 |    61 |    41 ||   154
       Leather armour    |       |       |    81 |     9 |       ||    90
       Swamp dragon scal |       |       |       |    73 |    38 ||   111
Dodge: Dodged            |    70 |    80 |   144 |   297 |   139 ||   730
Block: Other             |       |       |       |     6 |    38 ||    44

Table legend: (Time is in decaauts)
 A = Elapsed time spent in this place.
 B = Non-inter-level travel time spent in this place.
 C = Inter-level travel time spent in this place.
 D = Time resting spent in this place.
 E = Time spent auto-exploring this place.
 F = Levels seen in this place.
 G = Mean time per level.
                   A        B        C        D        E       F      G
               +--------+--------+--------+--------+--------+-----+--------+
         Total |  17655 |  16858 |    797 |   3486 |   9293 |  15 | 1177.0 |
       Dungeon |  17222 |  16432 |    790 |   3486 |   9084 |  13 | 1324.8 |
        Temple |    153 |    146 |      7 |      0 |    130 |   1 |  153.0 |
        Bazaar |    278 |    278 |      0 |      0 |     79 |   1 |  278.0 |
               +--------+--------+--------+--------+--------+-----+--------+

Top non-repeatable levels by time:
     D:8: 2101 daAuts
    D:13: 2001 daAuts
     D:4: 1613 daAuts
     D:6: 1607 daAuts
     D:1: 1489 daAuts
     D:3: 1485 daAuts
    D:12: 1209 daAuts
     D:7: 1192 daAuts
    D:10: 1087 daAuts
    D:11: 1078 daAuts
     D:9: 1031 daAuts
     D:5: 786 daAuts
     D:2: 538 daAuts
  Bazaar: 278 daAuts
  Temple: 153 daAuts
